 Dungeon Crawl Stone Soup version 0.29-a0-330-g52719c12eb (webtiles) character file.

Game seed: 12388628476331448129

604 gruber the Destroyer (level 7, -13/54 HPs)
             Began as a Deep Elf Conjurer on May 1, 2022.
             Mangled by Edmund
             ... wielding a +3 flail of protection
              (14 damage)
             ... on level 4 of the Dungeon.
             The game lasted 00:04:33 (3181 turns).

gruber the Destroyer (Deep Elf Conjurer)            Turns: 3181, Time: 00:04:34

Health: -13/54     AC: 23    Str:  4    XL:     7   Next: 18%
Magic:  10/16      EV:  2    Int: 25    God:
Gold:   121        SH:  0    Dex: 19    Spells: 13/16 levels left

rFire   . . .      SeeInvis +   r - +0 hand axe (freeze)
rCold   . . .      Faith    .   (no shield)
rNeg    . . .      Spirit   .   (body armour currently unavailable)
rPois   +          Reflect  .   (helmet currently unavailable)
rElec   .          Harm     .   (cloak currently unavailable)
rCorr   .          Rampage  .   (gloves currently unavailable)
Will    .....      NoTele   +   (boots currently unavailable)
Stlth   ++........              (no amulet)
HPRegen 0.18/turn               m - ring of see invisible
MPRegen 0.15/turn               p - +6 ring of dexterity

@: tree-form
A: stationary, stasis, torment immunity, boosted hp
a: no special abilities


You were on level 4 of the Dungeon.
You were a tree.
You visited 1 branch of the dungeon, and saw 4 of its levels.

You collected 121 gold pieces.

Inventory:

Hand Weapons
 d - a +0 short sword
 r - a +0 hand axe of freezing (weapon)
Armour
 a - a +0 robe (melded)
 t - a +0 cloak (melded)
Magical Staves
 o - a staff of air
Jewellery
 c - an amulet of faith
 h - a ring of ice
 l - a ring of flight
 m - a ring of see invisible (left branch)
 p - a +6 ring of dexterity (right branch)
Wands
 s - a wand of flame (23)
Scrolls
 f - a scroll of teleportation {unknown}
 g - a scroll of blinking {unknown}
 j - 2 scrolls of fog {unknown}
 k - 3 scrolls of identify {unknown}
 n - a scroll of summoning {unknown}
Potions
 b - a potion of magic
 q - 2 potions of mutation {unknown}
 u - a potion of ambrosia {unknown}


   Skills:
 * Level 4.8 Dodging
 - Level 2.4 Stealth
 - Level 5.2 Spellcasting
 - Level 8.0 Conjurations


You had 13 spell levels left.
You knew the following spells:

 Your Spells              Type           Power      Damage    Failure   Level
a - Magic Dart            Conj           100%       1d8       1%          1
b - Searing Ray           Conj           92%        2d7       1%          2

Your spell library contained the following spells:

 Spells                   Type           Power      Damage    Failure   Level
 Dazzling Flash           Conj/Hex       52%        N/A       4%          3
 Fulminant Prism          Conj/Hex       13%        3d9       16%         4
 Iskenderun's Mystic Bla  Conj/Tloc      26%        2d7       16%         4


Dungeon Overview and Level Annotations

Branches:
Dungeon (4/15)
 Temple: D:4-7

Altars:

Shops:
D:1 ([[*   D:2 [

Annotations:
D:4 Edmund


Message History

Edmund is nearby!
Casting: Searing Ray (safe; 1% risk of failure)
Confirm with . or Enter, or press ? or * to list all spells.
Aiming: Searing Ray (safe; 1% risk of failure)
Press: ? - help, Shift-Dir - straight line, f - Edmund
Aim: Edmund, wielding a +3 flail of protection and wearing a +1 ring mail of poison resistance (wandering, hasn't noticed you, 84% to hit)
The searing ray hits Edmund but does no damage. (Press . to maintain the ray.) Unknown command.
The searing ray hits Edmund.
Edmund is lightly wounded.
The searing ray hits Edmund!
Edmund is moderately wounded.
The searing ray misses Edmund.
You finish channelling your searing ray.
Edmund grinds his teeth, and then sighs.
Edmund drinks a potion.
Edmund goes berserk!
Casting: Searing Ray (safe; 1% risk of failure)
Confirm with . or Enter, or press ? or * to list all spells.
Aiming: Searing Ray (safe; 1% risk of failure)
Press: ? - help, Shift-Dir - straight line, f/p - Edmund
Aim: Edmund, wielding a +3 flail of protection and wearing a +1 ring mail of poison resistance (moderately wounded, berserk, 84% to hit)
The searing ray hits Edmund!
Edmund is moderately wounded. (Press . to maintain the ray.) Edmund hits you with a +3 flail of protection!
Okay, then.
As you read the scroll labelled QOL ALU VIACVE, it crumbles to dust.
You hear a loud clanging noise!
It was a scroll of noise.
You hear an angry hiss.
You hear a shout!
Edmund hits you with a +3 flail of protection!!
Ouch! That really hurt!
* * * LOW HITPOINT WARNING * * *
Edmund closely misses you.
It was a potion of lignification.
You turn into a tree.
Your +0 cloak melds into your body.
Your +0 robe melds into your body.
Your roots penetrate the ground.
Edmund hits you with a +3 flail of protection!
You die...

#≈######.# # #.#
.##..
#.#####.....
≈P####..........
≈≈≈.........[#...
≈≈P....#..)...#
≈≈≈...≈#..<...#
P≈....P≈#...@.#
≈≈...≈P♣♣...♣.#
≈P≈...P ♣####.#
≈≈≈...≈ .# ... .#
S.. .# .# ##


You could see Edmund (berserk).

Vanquished Creatures
  Sigmund (D:3)
  A phantom (D:3)
  A necrophage (D:4)
  A scorpion (D:4)
  An orc priest (D:3)
  Crazy Yiuf (D:3)
  An orc wizard (D:3)
  Natasha (thrice) (D:3)
  4 adders
  2 dart slugs
  8 orcs
  5 bats
  6 endoplasms
  5 goblins
  5 hobgoblins
  4 jackals (D:1)
  3 quokkas
  7 ball pythons
  4 frilled lizards
  2 kobolds (D:1)
  6 rats
71 creatures vanquished.

Vanquished Creatures (others)
  2 plants (D:4)
2 creatures vanquished.

Grand Total: 73 creatures vanquished

Notes
Turn   | Place    | Note
-------+----------+-------------------------------------------
     0 | D:1      | gruber the Deep Elf Conjurer began the quest for the Orb.
     0 | D:1      | Reached XP level 1. HP: 10/10 MP: 6/6
   103 | D:1      | Found Wues's General Store.
   143 | D:1      | Found Berch's Book Emporium.
   259 | D:1      | Reached XP level 2. HP: 15/15 MP: 2/8
   369 | D:1      | Reached skill level 5 in Conjurations
   387 | D:1      | Found Terhinae's Armour Shoppe.
   415 | D:1      | Found Voej's Antique Armour Boutique.
   608 | D:1      | Found Qiomaehu's Weapon Shoppe.
   797 | D:1      | You fall into a shaft and drop 1 floor!
   797 | D:2      | Found Xum Yto's Armour Shop.
   911 | D:2      | Found a faded altar of an unknown god.
   965 | D:2      | Learned a level 2 spell: Searing Ray
  1111 | D:2      | Reached XP level 3. HP: 19/19 MP: 5/9
  1702 | D:3      | Reached skill level 6 in Conjurations
  1702 | D:3      | Reached XP level 4. HP: 24/24 MP: 2/11
  2053 | D:3      | Noticed Sigmund
  2066 | D:3      | Killed Sigmund
  2067 | D:3      | Reached skill level 7 in Conjurations
  2067 | D:3      | Reached XP level 5. HP: 18/28 MP: 6/13
  2069 | D:3      | Noticed Natasha
  2120 | D:3      | Killed Natasha
  2121 | D:3      | Reached XP level 6. HP: 26/32 MP: 10/15
  2223 | D:3      | Noticed Natasha
  2234 | D:3      | Killed Natasha
  2251 | D:3      | Noticed Natasha
  2352 | D:3      | Reached skill level 5 in Spellcasting
  2437 | D:3      | Killed Natasha
  2438 | D:3      | Reached skill level 8 in Conjurations
  2705 | D:3      | Found a runed translucent door.
  2706 | D:3      | Noticed Crazy Yiuf
  2962 | D:3      | Killed Crazy Yiuf
  3026 | D:4      | Reached XP level 7. HP: 29/36 MP: 8/16
  3174 | D:4      | Noticed Edmund
  3180 | D:4      | HP: 1/36 [Edmund/+3 flail of protection (19)]
  3181 | D:4      | Mangled by Edmund

Illustrated notes

Levels and vault maps discovered:
D:1:      scummos_arrival_hexagon, layout_loops_ring, serial_shops,
          nicolae_shop_statue_plus, nicolae_shop_hallway_plus,
          nicolae_shop_hallway_stairs, shop, nicolae_shop_stone,
          minmay_tetromino_s2
D:2:      layout_basic, basic_ecumenical_altar, serial_shops, shop,
          minmay_misc_feat_secret_circle
D:3:      layout_rooms, nicolae_figureground_sparkle, uniq_natasha,
          uniq_crazy_yiuf_cottage, uniq_sigmund
D:4:      layout_loops_ring, xom_butterflies, general_overflow_altar,
          hangedman_abyss_or_decor_lesser_grid, serial_bayou_ford_a, uniq_ijyb,
          uniq_pikel, uniq_edmund

Skill      XL: |  1  2  3  4  5  6 |
---------------+-------------------+-----
Conjurations   | 5 6 7 8 |  8.0
Spellcasting   | 4 5 |  5.2
Dodging        | 4 |  4.8
Stealth        | |  2.4

Action                   |  1- 3 |  4- 6 |  7- 9 || total
-------------------------+-------+-------+-------++-------
Melee: Unarmed           |     3 |       |       ||     3
       Short sword       |       |    10 |       ||    10
       Hand axe          |       |     1 |       ||     1
 Cast: Magic Dart        |    61 |    41 |     3 ||   105
       Searing Ray       |     2 |    14 |     4 ||    20
  Use: Potion            |       |     1 |     1 ||     2
       Scroll            |       |       |     1 ||     1
 Stab: Sleeping          |       |     1 |       ||     1
Armor: Robe              |     1 |     2 |       ||     3
Dodge: Dodged            |     4 |    26 |     2 ||    32

Table legend: (Time is in decaauts)
 A = Elapsed time spent in this place.
 B = Non-inter-level travel time spent in this place.
 C = Inter-level travel time spent in this place.
 D = Time resting spent in this place.
 E = Time spent auto-exploring this place.
 F = Levels seen in this place.
 G = Mean time per level.
                   A        B        C        D        E       F      G
               +--------+--------+--------+--------+--------+-----+--------+
         Total |   3182 |   3107 |     75 |    103 |   2612 |   4 |  795.5 |
       Dungeon |   3182 |   3107 |     75 |    103 |   2612 |   4 |  795.5 |
               +--------+--------+--------+--------+--------+-----+--------+

Top non-repeatable levels by time:
     D:3: 1098 daAuts
     D:2: 1017 daAuts
     D:1: 900 daAuts
     D:4: 166 daAuts
